 Dungeon Crawl Stone Soup version 0.21-a0-531-gacddea6 (webtiles) character file.

567 solxrula the Cudgeler (level 7, -20/100 HPs)
             Began as a Troll Berserker on Dec 12, 2017.
             Was a Priest of Trog.
             Demolished by an orc warrior
             ... wielding a +0 halberd
              (24 damage)
             ... on level 5 of the Dungeon.
             The game lasted 00:15:26 (3405 turns).

solxrula the Cudgeler (Troll Berserker)             Turns: 3405, Time: 00:15:26

Health: -20/100    AC:  5    Str: 33    XL:     7   Next: 11%
Magic:  6/6        EV: 11    Int:  3    God:    Trog [***...]
Gold:   221        SH:  0    Dex:  9    Spells: 6/6 levels left

rFire    + . .     SeeInvis .   a - +0 mace
rCold    . . .     Gourm    +   (no shield)
rNeg     . . .     Faith    .   b - +0 animal skin
rPois    .         Spirit   .   (helmet restricted)
rElec    .         Reflect  .   (no cloak)
rCorr    +         Harm     .   (gloves unavailable)
MR       .....                  (boots unavailable)
Stlth    ..........             (no amulet)
HPRegen  0.66/turn              i - ring of protection from fire
MPRegen  0.10/turn              e - ring of resist corrosion

@: berserking (expiring), very slightly contaminated, very quick
A: large, unfitting armour, claws 3, fast metabolism 3, gourmand, regeneration
1, shaggy fur 1, tough skin 2
a: Berserk, Trog's Hand, Burn Spellbooks, Renounce Religion


You were on level 5 of the Dungeon.
You worshipped Trog.
Trog was most pleased with you.
You were full.

You visited 1 branch of the dungeon, and saw 5 of its levels.

You collected 221 gold pieces.

Inventory:

Hand Weapons
 a - a +0 mace (weapon)
Missiles
 h - 113 stones (quivered)
Armour
 b - a +0 animal skin (worn)
Jewellery
 e - a ring of resist corrosion (right claw)
 i - a ring of protection from fire (left claw)
Wands
 d - a wand of flame (25)
 j - a wand of iceblast (1)
Scrolls
 g - 2 scrolls of identify
 l - 2 scrolls of teleportation
Potions
 n - a potion of invisibility
Comestibles
 c - 4 bread rations
 f - 3 meat rations
 k - 2 royal jellies


   Skills:
 + Level 3.1 Fighting
 * Level 6.2 Maces & Flails
 + Level 0.9 Throwing
 + Level 3.5 Dodging
 + Level 0.5 Stealth


You had 6 spell levels left.
You didn't know any spells.

Dungeon Overview and Level Annotations

Branches:
Dungeon (5/15)             Temple (0/1) D:4

Altars:
Dithmenos
Elyvilon
Hepliaklqana
Okawaru
Trog

Shops:
D:4 *

Portals:
Ossuary: D:4

Annotations:
D:4 1 runed door


Innate Abilities, Weirdness & Mutations

You are too large for most types of armour.
You have claws for hands.
Your metabolism is lightning-fast.
You like to eat raw meat.
Your natural rate of healing is unusually fast.
You are covered in fur. (AC +1)
You have very tough skin. (AC +2)


Message History

* * * LOW HITPOINT WARNING * * *
You hit the orc warrior.
The orc warrior is severely wounded.
You closely miss the orc warrior.
The orc warrior is severely wounded.
The orc warrior barely misses you.
You closely miss the orc warrior.
The orc warrior is severely wounded.
You barely miss the orc warrior.
The orc warrior is severely wounded.
The orc warrior barely misses you.
You hit the orc warrior.
The orc warrior is severely wounded.
The orc warrior hits you with a halberd!
* * * LOW HITPOINT WARNING * * *
You closely miss the orc warrior.
The orc warrior is severely wounded.
You are too berserk!
The orc warrior hits you from afar with a halberd!!
You die...

#+# #$#######
#.......#
#.......#
#.......#
#.###.......#
#Soo)@....<.+
#####.......#
.............)#
####.########.#
#.# # #># #.#
#.#


You could see an orc warrior, an orc wizard and an adder.

Vanquished Creatures
  2 ogres (D:4)
  A scorpion (D:4)
  A hound (D:4)
  An orc wizard (D:4)
  Terence (D:2)
  Ijyb (D:3)
  2 iguanas (D:4)
  6 adders
  3 gnolls (D:2)
  An ooze (D:2)
  A worm (D:4)
  5 dart slugs
  A leopard gecko (D:2)
  7 orcs
  3 ball pythons
  3 giant cockroaches
  10 goblins
  8 hobgoblins
  2 quokkas
  8 bats
  2 frilled lizards (D:1)
  8 kobolds
  8 rats
85 creatures vanquished.

Notes
Turn   | Place    | Note
-------+----------+-------------------------------------------
     0 | D:1      | solxrula the Troll Berserker began the quest for the Orb.
     0 | D:1      | Reached XP level 1. HP: 22/22 MP: 0/0
    70 | D:1      | Reached skill level 3 in Maces & Flails
    74 | D:1      | Reached XP level 2. HP: 29/29 MP: 1/1
   481 | D:1      | Reached ** piety under Trog
   796 | D:1      | Reached XP level 3. HP: 35/36 MP: 2/2
   893 | D:2      | Found a shadowy altar of Dithmenos.
  1285 | D:2      | Reached skill level 4 in Maces & Flails
  1285 | D:2      | Reached XP level 4. HP: 23/44 MP: 3/3
  1526 | D:2      | Noticed Terence
  1549 | D:2      | Killed Terence
  1568 | D:2      | Found a hazy altar of Hepliaklqana.
  1571 | D:2      | Found a bloodstained altar of Trog.
  1799 | D:3      | Noticed Ijyb
  1814 | D:3      | Reached XP level 5. HP: 45/50 MP: 4/4
  1827 | D:3      | Killed Ijyb
  1883 | D:3      | Found an iron altar of Okawaru.
  2031 | D:3      | Found a faded altar of an unknown god.
  2235 | D:3      | Reached *** piety under Trog
  2781 | D:4      | Noticed an ogre
  2796 | D:4      | Killed an ogre
  2796 | D:4      | Reached skill level 5 in Maces & Flails
  2796 | D:4      | Reached XP level 6. HP: 25/61 MP: 5/5
  2885 | D:4      | Found Daraup's General Store.
  3016 | D:4      | Found a sand-covered staircase.
  3076 | D:4      | Found a staircase to the Ecumenical Temple.
  3108 | D:4      | Reached skill level 6 in Maces & Flails
  3188 | D:4      | Found a white marble altar of Elyvilon.
  3205 | D:4      | Reached XP level 7. HP: 60/67 MP: 6/6
  3274 | D:4      | Found a runed door.
  3375 | D:5      | Entered Level 5 of the Dungeon
  3403 | D:5      | HP: 3/100 [orc warrior/halberd (13)]
  3405 | D:5      | Demolished by an orc warrior

Vault maps used:
D:1:      dpeg_arrival_connections, roderic_lattice_a, serial_bayou_pond_d
D:2:      overflow_temple_1_default, minitemple, uniq_terence
D:3:      okawaru_ov_weapons_minmay, first_bread,
          chequers_ecumenical_altar_grove, uniq_ijyb
D:4:      old_standard_altar, minmay_temple_entry_overgrown, serial_shops, shop,
          nicolae_ossuary_entry_plus, uniq_crazy_yiuf_cottage
D:5:      serial_shops, shop, kennysheep_mini, nicolae_shop_crystal,
          uniq_blork_the_orc

Skill      XL: |  1  2  3  4  5  6 |
---------------+-------------------+-----
Maces & Flails | 3 4 5 6 |  6.2
Dodging        | 3 |  3.5
Fighting       | 3 |  3.1
Throwing       | |  0.9
Stealth        | |  0.5

Action                   |  1- 3 |  4- 6 |  7- 9 || total
-------------------------+-------+-------+-------++-------
Melee: Mace              |   129 |   193 |    24 ||   346
Throw: Stone             |       |    36 |     8 ||    44
Invok: Berserk           |       |     2 |     1 ||     3
Evoke: Wand              |       |     1 |       ||     1
  Use: Scroll            |     4 |     3 |     1 ||     8
       Potion            |     3 |     2 |     2 ||     7
 Stab: Sleeping          |     2 |       |       ||     2
  Eat: Chunk             |    17 |    21 |       ||    38
Armor: Animal skin       |    27 |    44 |     1 ||    72
Dodge: Dodged            |    46 |    88 |     7 ||   141

Table legend:
 A = Spawn XP
 B = Non-spawn XP
 C = Spawn XP percentage of total XP
 D = Spawn monster count
 E = Non-spawn monster count
 F = Spawn count percentage of total count
 G = Total turns spent on level
                    A         B        C        D         E        F      G
               +---------+---------+-------+---------+---------+-------+---------
         Total |       0 |     811 |   0.0 |       0 |      85 |   0.0 |  3405
               +---------+---------+-------+---------+---------+-------+---------
           D:1 |       0 |      42 |   0.0 |       0 |      22 |   0.0 |   861
           D:2 |       0 |     149 |   0.0 |       0 |      32 |   0.0 |   938
           D:3 |       0 |     109 |   0.0 |       0 |      15 |   0.0 |   921
           D:4 |       0 |     508 |   0.0 |       0 |      15 |   0.0 |   655
           D:5 |       0 |       3 |   0.0 |       0 |       1 |   0.0 |    30
               +---------+---------+-------+---------+---------+-------+---------
